 Dungeon Crawl Stone Soup version 0.30-a0-627-gc11e7ae810 (webtiles) character file.

Game seed: 12710346965848599876

158 Dartaoz the Cudgeller (level 5, -4/32 HPs)
             Began as a Gargoyle Fighter on Jan 12, 2023.
             Slain by Crazy Yiuf
             ... wielding a +3 quarterstaff of chaos
              (10 damage)
             ... on level 2 of the Dungeon.
             The game lasted 00:05:35 (1774 turns).

Dartaoz the Cudgeller (Gargoyle Fighter)            Turns: 1774, Time: 00:05:35

Health: -4/32      AC: 12    Str: 22    XL:     5   Next: 40%
Magic:  3/5        EV: 14    Int:  8    God:
Gold:   92         SH:  4    Dex:  9    Spells: 4/4 levels left

rFire   . . .      SeeInvis .    a - +0 flail
rCold   . . .      Faith    .    c - +0 buckler
rNeg    + . .      Spirit   .    b - +0 scale mail
rPois   ∞          Reflect  .    g - +0 helmet
rElec   +          Harm     .    (no cloak)
rCorr   .          Rampage  .    (no gloves)
Will    .....                    (no boots) Stlth
                                 (no amulet)
HPRegen 0.25/turn                (no ring)
MPRegen 0.09/turn                (no ring)

@: mighty, agile
A: sickness immunity, AC +4, negative energy resistance 1, electricity
resistance, torment resistance 1, petrification resistance
a: no special abilities


You were on level 2 of the Dungeon.
You visited 1 branch of the dungeon, and saw 2 of its levels.

You collected 116 gold pieces.
You spent 24 gold pieces at shops.

Inventory:

Hand Weapons
 a - a +0 flail (weapon)
Armour
 b - a +0 scale mail (worn)
 c - a +0 buckler (worn)
 g - a +0 helmet (worn)
 l - the +3 leather armour of the Planets {+Blink rPois}
   (You found it on level 2 of the Dungeon)

   rPois:     It protects you from poison.
   +Blink:    It lets you blink.
Jewellery
 r - a ring of fire
Scrolls
 e - 4 scrolls of poison {unknown}
 h - 2 scrolls of magic mapping {unknown}
 m - a scroll of teleportation {unknown}
 p - a scroll of amnesia {unknown}
 q - 2 scrolls of enchant armour {unknown}
Potions
 f - 2 potions of lignification
 i - a potion of heal wounds {unknown}
 j - 3 potions of flight {unknown}
 k - 2 potions of curing
 n - a potion of degeneration {unknown}
 o - 3 potions of attraction {unknown}


   Skills:
 - Level 3.2 Fighting
 + Level 5.4 Maces & Flails
 - Level 3.2 Armour
 - Level 3.2 Shields


You had 4 spell levels left.
You didn't know any spells.
Your spell library contained the following spells:

 Spells                   Type           Power      Damage    Failure   Level
 Blink                    Tloc           0%         N/A       92%         2
 Manifold Assault         Tloc           0%         N/A       100%        4
 Storm Form               Tmut/Air       0%         N/A       100%        7


Dungeon Overview and Level Annotations

Branches:
Dungeon (2/15)

Altars:

Shops:
D:1 ?

Annotations:
D:2 Crazy Yiuf


Innate Abilities, Weirdness & Mutations

You are immune to sickness and miasma.
Your stone body is resilient. (AC +4)
You are immune to poison.
You resist negative energy. (rN+)
You are resistant to electric shocks. (rElec)
You are resistant to unholy torment.
You are immune to petrification.


Message History

Natasha, Servant of Life and Death comes into view.
Natasha hisses angrily.
Natasha closely misses you.
You hit Natasha.
Natasha is heavily wounded.
Natasha barely misses you.
You sock Natasha!
You kill Natasha!
You feel Natasha's spirit has finally been put to rest.
No target in view!
There is an open door here.
There is an open door here.
You open the door. You closely miss Crazy Yiuf. Crazy Yiuf closely misses you.
You closely miss Crazy Yiuf.
Crazy Yiuf hits you with a +3 quarterstaff of chaos!
Crazy Yiuf burns you.
You hit Crazy Yiuf but do no damage.
Crazy Yiuf yells, "Prologue dark light!"
Crazy Yiuf hits you with a +3 quarterstaff of chaos!
You feel your power leaking away.
You are too injured to fight recklessly!
You are too injured to fight recklessly!
You thump Crazy Yiuf!
Crazy Yiuf is heavily wounded.
Crazy Yiuf hits you but does no damage.
Crazy Yiuf hits you with a +3 quarterstaff of chaos.
* * * LOW HITPOINT WARNING * * *
You feel agile all of a sudden.
You hit Crazy Yiuf.
Crazy Yiuf is severely wounded.
Crazy Yiuf hits you with a +3 quarterstaff of chaos!
* * * LOW HITPOINT WARNING * * *
You feel better.
Crazy Yiuf hits you with a +3 quarterstaff of chaos.
* * * LOW HITPOINT WARNING * * *
You feel very mighty all of a sudden.
Crazy Yiuf sings, "Trees, trees, trees, circus!"
Crazy Yiuf hits you with a +3 quarterstaff of chaos!
You die...

.####......###....######.......##
.# #......# ##..## #......)'. .#
#......# #.P.P# #.......## ##
#......# #..P## #.......#.
#####....### ##.## #.........
#.........# #.## ###.#.......
#.........# ##.# #.#.#.......
#.........# #.## #.#.#.......
#.........# ##@# #.#.#.......
..........# #g# #.#.........
......##### ... #...........
...†..# #...# #...#.######
......# #..)# #...#.# ......#
##### #...#.# ......# #.#.#.#
......# ##### ###.#.# #######
#...# #.#.######


You could see Crazy Yiuf.

Vanquished Creatures
  Natasha (thrice) (D:2)
  4 gnolls
  A worm (D:2)
  6 ball pythons
  2 bats
  5 endoplasms
  A giant cockroach (D:1)
  2 goblins (D:2)
  6 hobgoblins
  3 jackals (D:1)
  6 kobolds
  A rat (D:1)
40 creatures vanquished.

Notes
Turn   | Place    | Note
-------+----------+-------------------------------------------
     0 | D:1      | Dartaoz the Gargoyle Fighter began the quest for the Orb.
     0 | D:1      | Reached XP level 1. HP: 14/14 MP: 1/1
    44 | D:1      | Reached XP level 2. HP: 14/19 MP: 2/2
    94 | D:1      | Reached skill level 3 in Maces & Flails
   193 | D:1      | Reached XP level 3. HP: 22/23 MP: 3/3
   213 | D:1      | Found Cujib's Magic Scroll Shoppe.
   229 | D:1      | Bought a scroll of identify for 24 gold pieces
   744 | D:2      | Identified the +3 leather armour of the Planets {+Blink
                  | rPois}
   880 | D:2      | Reached skill level 4 in Maces & Flails
   883 | D:2      | Reached XP level 4. HP: 16/28 MP: 4/4
  1209 | D:2      | Noticed Natasha
  1224 | D:2      | Killed Natasha
  1301 | D:2      | Found a runed translucent door.
  1302 | D:2      | Noticed Crazy Yiuf
  1656 | D:2      | Noticed Natasha
  1661 | D:2      | Killed Natasha
  1662 | D:2      | Reached skill level 5 in Maces & Flails
  1662 | D:2      | Reached XP level 5. HP: 32/32 MP: 5/5
  1733 | D:2      | Noticed Natasha
  1738 | D:2      | Killed Natasha
  1772 | D:2      | HP: 1/32 [Crazy Yiuf/+3 quarterstaff of chaos (8)]
  1774 | D:2      | Slain by Crazy Yiuf

Illustrated notes

Levels and vault maps discovered:
D:1:      minmay_arrival_floating_metal, layout_rooms, serial_shops,
          nicolae_lakefront_shop
D:2:      layout_basic, uniq_natasha, uniq_crazy_yiuf_cottage

Skill      XL: |  1  2  3  4 |
---------------+-------------+-----
Maces & Flails | 3 4 5 |  5.4
Fighting       | |  3.2
Armour         | |  3.2
Shields        | |  3.2

Action                   |  1- 3 |  4- 6 || total
-------------------------+-------+-------++-------
Melee: Flail             |    83 |    54 ||   137
  Use: Scroll            |     1 |       ||     1
       Potion            |       |     2 ||     2
Armor: Scale mail        |    36 |    29 ||    65
Dodge: Dodged            |    33 |    24 ||    57
Block: Buckler           |    14 |    11 ||    25

Table legend: (Time is in decaauts)
 A = Elapsed time spent in this place.
 B = Non-inter-level travel time spent in this place.
 C = Inter-level travel time spent in this place.
 D = Time resting spent in this place.
 E = Time spent auto-exploring this place.
 F = Levels seen in this place.
 G = Mean time per level.
                   A        B        C        D        E       F      G
               +--------+--------+--------+--------+--------+-----+--------+
         Total |   1831 |   1796 |     35 |      0 |   1482 |   2 |  915.5 |
       Dungeon |   1831 |   1796 |     35 |      0 |   1482 |   2 |  915.5 |
               +--------+--------+--------+--------+--------+-----+--------+

Top non-repeatable levels by time:
     D:2: 1129 daAuts
     D:1: 702 daAuts
